Map: Blackburn LE

Players

SortOf

  • Race: Zerg Zerg

Harstem - Winner!

  • Race: Protoss Protoss

Event: DreamHack SC2 Masters 2021 Fall

VOD

Have the link to the VOD?

Description

Time

  • Played on: Aug. 8, 2021, 10:21 a.m.
  • Length: 12:49

All games in this series

Show
View Real Time Build Order
Export as new Build Order

SortOf Zerg 

Build Orders: Hatch First 

Get SALT Encoding   

  12  0:00  Drone  
  13  0:12  Overlord  
  13  0:16  Drone  
  14  0:31  Drone x2  
  16  0:50  Hatchery  
  16  0:52  Drone  
  16  0:57  Drone  
  16  0:59  Drone  
  18  1:12  Extractor  
  18  1:14  Spawning Pool  
  18  1:17  Drone  
  17  1:21  Drone  
  18  1:30  Drone  
  19  1:41  Drone  
  20  1:50  Overlord  
  20  2:01  Queen x2  
  20  2:02  Zergling x2  
  20  2:03  Drone  
  26  2:12  Zergling x2  
  26  2:14  Zergling x2  
  28  2:16  Metabolic Boost  
  28  2:23  Drone x2  
  30  2:37  Hatchery  
  30  2:43  Queen  
  31  2:49  Zergling x2  
  31  2:50  Drone  
  33  2:54  Overlord  
  33  2:59  Drone  
  33  3:00  Drone  
  33  3:02  Zergling x2  
  36  3:12  Queen  
  38  3:15  Drone x2  
  38  3:17  Drone  
  38  3:19  Drone  
  42  3:23  Drone  
  42  3:24  Drone  
  42  3:38  Spore Crawler  
  42  3:39  Drone x3  
  43  3:46  Overlord  
  43  3:49  Queen  
  43  3:52  Drone x4  
  49  3:57  Overlord  
  49  4:03  Spore Crawler  
  49  4:05  Overlord  
  49  4:06  Drone  
  49  4:07  Drone  
  50  4:10  Drone x2  
  52  4:17  Overlord  
  52  4:19  Drone x3  
  52  4:21  Drone  
  56  4:26  Drone x3  
  56  4:30  Queen  
  61  4:32  Drone  
  61  4:37  Drone  
  61  4:38  Drone x3  
  66  4:42  Roach Warren  
  65  4:46  Extractor  
  65  4:47  Drone x3  
  65  4:52  Lair  
  67  4:54  Drone x2  
  67  4:57  Zergling x4, Extractor  
  67  4:59  Drone x2  
  73  5:00  Drone  
  73  5:01  Drone  
  73  5:04  Drone  
  73  5:05  Drone  
  73  5:10  Overlord  
  73  5:12  Drone, Overlord  
  73  5:17  Spore Crawler, Overlord  
  72  5:21  Drone  
  72  5:22  Evolution Chamber  
  72  5:23  Extractor, Drone  
  72  5:26  Extractor, Drone x2  
  72  5:27  Overlord  
  73  5:31  Drone x6  
  73  5:33  Drone  
  80  5:41  Hatchery  
  79  5:43  Drone x3  
  79  5:45  Extractor  
  79  5:46  Zergling x4  
  79  5:49  Zerg Missile Weapons Level 1  
  82  5:54  Drone x2  
  82  5:55  Drone x3  
  83  5:57  Zergling x2  
  83  6:03  Spire  
  82  6:05  Drone x2  
  82  6:06  Overseer, Drone  
  82  6:11  Glial Reconstitution  
  85  6:15  Roach x3  
  85  6:18  Drone, Roach  
  93  6:20  Overlord  
  93  6:24  Roach  
  93  6:25  Overlord  
  95  6:27  Overlord  
  95  6:29  Roach  
  97  6:36  Roach x4  
  97  6:39  Overlord  
  105  6:45  Baneling Nest  
  105  6:46  Drone x5  
  110  6:47  Drone  
  110  6:56  Drone x7  
  110  6:58  Spore Crawler  
  115  7:06  Extractor  
  115  7:07  Drone  
  115  7:08  Overlord  
  115  7:10  Spore Crawler  
  115  7:11  Overlord  
  115  7:13  Roach x5  
  124  7:15  Corruptor  
  124  7:17  Corruptor  
  124  7:22  Drone x4  
  128  7:27  Drone x5  
  133  7:30  Centrifical Hooks  
  133  7:32  Ravager x4  
  133  7:33  Overseer  
  137  7:37  Drone x2  
  137  7:43  Roach x5  
  149  7:45  Baneling x5  
  149  7:50  Zerg Melee Weapons Level 1  
  148  7:54  Roach x4  
  148  7:55  Evolution Chamber  
  155  8:02  Zergling x8  
  155  8:03  Overlord x3  
  159  8:17  Baneling x2, Infestation Pit  
  159  8:18  Overlord x2  
  158  8:20  Hatchery  
  158  8:23  Roach x3  
  158  8:24  Spine Crawler, Roach x3  
  158  8:25  Ravager x2, Zergling x2  
  171  8:30  Zergling x10  
  176  8:37  Corruptor x2  
  180  8:42  Drone x2  
  180  8:45  Zergling x14  
  189  8:53  Baneling x2  
  189  8:55  Zergling x16  
  197  8:57  Baneling  
  197  8:58  Baneling x9  
  197  9:02  Hive  
  196  9:07  Extractor  
  194  9:13  Zergling x12  
  194  9:14  Zergling x6  
  195  9:25  Zergling x8  
  193  9:34  Zergling x16  
  191  9:39  Spine Crawler  
  191  9:41  Zerg Ground Armor Level 1  
  191  9:43  Drone x4  
  191  9:45  Drone x2  
  194  9:52  Drone x5  
  199  9:54  Drone  
  199  9:57  Spine Crawler  
  199  9:58  Spine Crawler  
  179  10:16  Zergling x18, Roach x6  
  179  10:18  Baneling x7  
  200  10:22  Adrenal Glands  
  200  10:23  Zerg Melee Weapons Level 2  
  200  10:26  Greater Spire, Ultralisk Cavern  
  199  10:33  Baneling x2  
  192  10:44  Corruptor  
  192  10:45  Corruptor x4  
  192  10:46  Zergling x18  
  192  10:49  Baneling x6  
  196  10:58  Zergling x6  
  196  10:59  Zergling x2  
  196  11:03  Zergling x4, Roach  
  196  11:04  Zergling x20, Roach x2  
  179  11:13  Roach x5  
  179  11:18  Roach x4  
  165  11:21  Roach x4  
  165  11:24  Roach x3  
  162  11:27  Roach x5  
  156  11:34  Roach x2  
  156  11:39  Brood Lord x3  
  164  11:46  Brood Lord  
  151  11:48  Zergling x4  
  151  11:51  Zergling x12  
  151  11:52  Zergling x4  
  142  11:57  Zergling x4  
  142  12:00  Zergling x6  
  83  12:24  Zergling x2  
  83  12:26  Zergling x2  
  62  12:31  Zergling x20  
Show
View Real Time Build Order
Export as new Build Order

Harstem Protoss - Winner!

Build Orders: 1 Gate Expand, Oracle Opening, Zealot Archon 

Get SALT Encoding   

  12  0:00  Probe  
  13  0:12  Probe  
  14  0:19  Pylon  
  14  0:24  Probe  
  15  0:38  Probe (Chrono Boost)  
  15  0:40  Gateway  
  16  0:47  Probe (Chrono Boost)  
  17  0:52  Probe (Chrono Boost)  
  18  1:15  Nexus  
  18  1:19  Assimilator  
  18  1:30  Cybernetics Core  
  18  1:32  Probe  
  19  1:41  Zealot (Chrono Boost)  
  19  1:44  Probe  
  22  1:50  Pylon  
  22  1:56  Assimilator  
  22  1:57  Probe (Chrono Boost)  
  23  2:06  Adept (Chrono Boost)  
  23  2:09  Probe (Chrono Boost)  
  26  2:18  Probe (Chrono Boost)  
  27  2:27  Probe (Chrono Boost)  
  27  2:28  Probe (Chrono Boost)  
  27  2:29  Adept  
  33  2:39  Probe (Chrono Boost)  
  33  2:40  Probe (Chrono Boost)  
  33  2:42  Stargate  
  33  2:48  Probe  
  34  2:51  Probe  
  35  3:00  Probe  
  35  3:01  Stalker  
  35  3:04  Warp Gate, Probe  
  40  3:14  Pylon  
  40  3:15  Probe (Chrono Boost)  
  40  3:17  Probe (Chrono Boost)  
  43  3:27  Probe (Chrono Boost)  
  43  3:28  Probe (Chrono Boost)  
  43  3:30  Oracle (Chrono Boost)  
  46  3:39  Probe  
  46  3:40  Probe  
  48  3:44  Gateway  
  48  3:50  Pylon  
  48  3:51  Probe  
  49  3:58  Probe  
  49  4:01  Pylon  
  50  4:03  Probe  
  50  4:04  Oracle (Chrono Boost)  
  50  4:08  Nexus  
  54  4:12  Probe  
  54  4:17  Probe  
  56  4:20  Robotics Facility  
  56  4:21  Assimilator  
  56  4:25  Assimilator, Probe (Chrono Boost)  
  56  4:30  Shield Battery  
  58  4:34  Probe (Chrono Boost)  
  58  4:37  Probe (Chrono Boost)  
  59  4:42  Forge  
  59  4:43  Probe (Chrono Boost)  
  59  4:44  Gateway, Probe (Chrono Boost)  
  61  4:53  Probe  
  61  4:54  Gateway  
  61  4:55  Probe  
  63  5:05  Probe  
  64  5:08  Observer  
  64  5:12  Robotics Bay  
  66  5:14  Protoss Ground Weapons Level 1, Twilight Council  
  66  5:18  Adept  
  66  5:21  Pylon, Probe (Chrono Boost)  
  69  5:22  Probe x2 (Chrono Boost)  
  69  5:24  Adept  
  72  5:31  Probe (Chrono Boost)  
  72  5:33  Probe x2 (Chrono Boost)  
  75  5:36  Probe (Chrono Boost)  
  75  5:41  Probe  
  75  5:42  Assimilator, Probe  
  78  5:43  Sentry x2  
  78  5:47  Assimilator  
  78  5:49  Probe  
  83  5:56  Probe  
  84  5:58  Probe (Chrono Boost)  
  84  5:59  Charge  
  84  6:01  Disruptor  
  84  6:03  Gateway  
  88  6:05  Gateway, Probe (Chrono Boost)  
  88  6:08  Probe (Chrono Boost)  
  88  6:10  Pylon, Probe (Chrono Boost)  
  91  6:13  Pylon  
  91  6:15  Templar Archives  
  91  6:17  Probe (Chrono Boost)  
  92  6:19  Pylon  
  92  6:20  Probe (Chrono Boost)  
  93  6:27  Probe x2  
  95  6:33  Gateway x2  
  95  6:35  Probe  
  95  6:37  Pylon  
  96  6:40  Disruptor (Chrono Boost)  
  96  6:41  Shield Battery  
  96  6:43  Phoenix (Chrono Boost)  
  100  6:47  Pylon  
  100  6:51  Shield Battery  
  100  6:53  High Templar x2  
  104  7:00  Archon  
  104  7:08  Phoenix (Chrono Boost)  
  106  7:09  Probe  
  106  7:11  Zealot x3  
  106  7:13  Photon Cannon  
  106  7:14  Probe  
  114  7:22  Warp Prism (Chrono Boost)  
  116  7:30  Protoss Ground Weapons Level 2 (Chrono Boost), High Templar x2, Phoenix (Chrono Boost)  
  116  7:33  Pylon  
  116  7:34  Pylon  
  116  7:35  Archon, Zealot x5  
  132  7:49  Nexus  
  132  7:54  High Templar  
  132  7:56  High Templar  
  132  7:57  Gateway, Zealot x4  
  144  7:59  Gateway  
  144  8:06  Disruptor (Chrono Boost)  
  144  8:08  Archon  
  147  8:16  High Templar  
  149  8:20  Pylon  
  149  8:21  Pylon  
  149  8:23  Pylon  
  149  8:27  Pylon  
  149  8:38  Probe x2  
  149  8:39  Probe  
  152  8:41  Pylon  
  152  8:43  Fleet Beacon  
  152  8:44  Photon Cannon  
  152  8:46  Stargate  
  152  8:50  High Templar  
  152  8:51  Zealot x6  
  152  8:52  Zealot, Probe  
  152  8:54  Pylon  
  169  8:56  Assimilator  
  169  8:57  Zealot  
  169  8:58  Assimilator  
  169  9:04  Archon  
  169  9:05  Zealot  
  169  9:06  Probe x3  
  169  9:08  Photon Cannon  
  170  9:19  Zealot x5  
  180  9:29  High Templar x4  
  178  9:33  Archon x2  
  156  9:41  Zealot x4  
  156  9:42  Zealot x2  
  156  9:43  Immortal (Chrono Boost)  
  164  9:46  Probe  
  164  9:47  Probe  
  164  9:52  Photon Cannon  
  166  10:03  High Templar x4  
  166  10:04  High Templar x2  
  178  10:11  Archon x2  
  175  10:16  Probe  
  175  10:17  Warp Prism (Chrono Boost)  
  178  10:21  Zealot x4  
  178  10:25  Archon  
  186  10:36  Nexus  
  186  10:38  Pylon  
  178  10:45  Zealot x2  
  178  10:46  Zealot x8  
  178  10:48  Immortal  
  193  10:58  Protoss Air Weapons Level 1 (Chrono Boost)  
  173  11:06  Zealot x8  
  173  11:07  Zealot  
  183  11:17  Zealot  
  165  11:27  Immortal  
  165  11:31  Zealot x9  
  166  11:54  Stalker, Zealot x3  
  162  11:55  Stalker x6  
  167  12:04  Probe (Chrono Boost)  
  167  12:08  Probe (Chrono Boost)  
  173  12:12  Probe (Chrono Boost)  
  158  12:18  Probe (Chrono Boost)  
  158  12:22  High Templar x4  
  154  12:23  High Templar x2  
  154  12:24  Stalker x2  
  160  12:32  Archon x3  
  160  12:43  High Templar  

Tags
 
Add a new tag
Caveats
  • Supply blocks, unpowered buildings, or Contaminate may cause inaccurate times.
  • Supply counts are checked every 10 seconds.